 Dungeon Crawl Stone Soup version 0.31.0-32-g396128a36d (webtiles) character file.

Game seed: 5715241941468806766

3674 Gabide the Reanimator (level 9, -1/68 (71) HPs)
             Began as a Demigod Necromancer on Apr 18, 2024.
             Slain by a wight
             ... wielding a +3 scimitar
              (4 damage)
             ... on level 7 of the Dungeon.
             The game lasted 00:12:04 (6999 turns).

Gabide the Reanimator (Demigod Necromancer)         Turns: 6999, Time: 00:12:04

HP:   -1/68 (71)    AC:  6    Str:  9    XL:     9   Next: 59%
MP:   22/22         EV: 13    Int: 29    God:
Gold: 249           SH:  5    Dex: 14    Spells: 12/20 levels left

rFire   . . .        a - +1 short sword (elec)
rCold   + . .        (no shield)
rNeg    . . .        s - +2 robe {Will+}
rPois   .            (no helmet)
rElec   .            f - +0 cloak
rCorr   .            m - +0 pair of gloves
SInv    .            (no boots)
Will    +....        q - amulet of reflection
Stlth   ++           h - +4 ring of slaying
HPRegen 0.31/turn    n - ring of protection from cold
MPRegen 0.18/turn

%: reflection
@: lightly drained
A: high MP 1, forlorn, divine attributes
a: no special abilities


You were on level 7 of the Dungeon.
You visited 2 branches of the dungeon, and saw 8 of its levels.

You collected 249 gold pieces.

Inventory:

Hand Weapons
 a - a +1 short sword of electrocution (weapon)
Missiles
 b - 3 throwing nets
Armour
 e - an orb of energy
 f - a +0 cloak (worn)
 m - a +0 pair of gloves (worn)
 s - a +2 robe of willpower (worn)
Jewellery
 h - a +4 ring of slaying (left hand)
 n - a ring of protection from cold (right hand)
 q - an amulet of reflection (around neck)
Wands
 o - a wand of quicksilver (1)
 u - a wand of flame (12)
Scrolls
 j - a scroll of noise
Potions
 c - a potion of degeneration {unknown}
 d - a potion of lignification
 g - a potion of haste
 i - a potion of brilliance
 k - 2 potions of might
 p - a potion of attraction
 r - a potion of enlightenment
 t - 2 potions of mutation
 v - a potion of berserk rage


   Skills:
 + Level 3.9 Fighting
 + Level 3.8 Short Blades
 + Level 3.9 Dodging
 - Level 3.0 Stealth
 + Level 6.4 Spellcasting
 + Level 9.3 Necromancy


You had 12 spell levels left.
You knew the following spells:

 Your Spells              Type           Power      Damage    Failure   Level
a - Necrotise             Necr           100%       1d9       1%          1
b - Vampiric Draining     Necr           59%        2d10      1%          3
c - Animate Dead          Necr           59%        N/A       1%          4

Your spell library contained the following spells:

 Spells                   Type           Power      Damage    Failure   Level
 Curse of Agony           Necr           59%        N/A       3%          5
 Apportation              Tloc           18%        N/A       5%          1
 Slow                     Hex            36%        N/A       5%          1
 Jinxbite                 Hex            18%        N/A       9%          2
 Dazzling Flash           Conj/Hex       18%        N/A       16%         3
 Inner Flame              Hex/Fire       9%         N/A       16%         3
 Volatile Blastmotes      Fire/Tloc      18%        2d11      16%         3
 Alistair's Intoxication  Alch           6%         N/A       83%         5
 Irradiate                Conj/Alch      4%         3d13      83%         5
 Starburst                Conj/Fire      4%         6d4       100%        6
 Ignition                 Fire           4%         3d4       100%        8
 Maxwell's Capacitive Co  Air            4%         ∞         100%        8


Dungeon Overview and Level Annotations

Branches:
Dungeon (7/15)             Temple (1/1) D:5

Shops:
D:5 (


Innate Abilities, Weirdness & Mutations

You have an increased reservoir of magic. (+10% MP)
You shall have no god before yourself.
Your divine heritage dramatically boosts your attributes as you level up.


Message History

Your orc wizard zombie hits the wight but does no damage.
Your orc zombie misses the wight.
The wight closely misses your orc warrior zombie.
Your orc warrior zombie barely misses the wight.
Your orc wizard zombie hits the wight but does no damage.
Your orc zombie barely misses the wight.
The wight hits your orc warrior zombie with a +3 mace!
Your orc warrior zombie hits the wight but does no damage.
Your orc wizard zombie barely misses the wight.
The wight hits your orc warrior zombie with a +3 scimitar!
The wight hits your orc warrior zombie with a +3 mace!
Your orc warrior zombie is destroyed!
Your orc zombie hits the wight.
The wight hits your orc zombie with a +3 scimitar!
Your orc zombie is destroyed!
Your orc wizard zombie hits the wight but does no damage.
Your orc zombie hits the wight.
The wight barely misses your orc wizard zombie.
You hit the wight but do no damage. Lightning courses through the wight!!
You destroy the wight!
Your orc wizard zombie barely misses the wight.
Your orc wizard zombie hits the wight.
Things that are here:
a +3 mace; a +0 robe You hit the wight.
The wight is moderately damaged.
The wight hits you with a +3 scimitar!
* * * LOW HITPOINT WARNING * * *
Your orc zombie barely misses the wight.
You puncture the wight!
The wight is severely damaged.
You block the wight's attack.
Your orc wizard zombie hits the wight but does no damage.
Your orc zombie hits the wight but does no damage.
You hit the wight but do no damage.
The wight is severely damaged.
The wight hits you with a +3 scimitar!
* * * LOW HITPOINT WARNING * * *
You feel drained.
You die...

... ........##...#...
#... ..##..##....#..†
....# #.#...#...##.Z..
.....####....##...##Z.#Z
#...$......#.....##.##.
. #.......#....#..###.
... #..).#......Z.## #.
.....#).##.....##.## #.
......Zz@.......#.## #.
..#....Z.......#.# .. ##
########../.#...# ... #
.#.##.####!# #..#.
.....## ...
.#..#.##..... .###
...>.k#..#.## #
.>.........####
...............


You could see a wight (ally target), a friendly orc zombie and a friendly orc
wizard zombie.

Vanquished Creatures
  Pikel (D:4)
  Jeremiah (D:6)
  An unseen horror (D:5)
  Grinder (D:3)
  A wyvern (D:7)
  A steam dragon (D:6)
  Edmund (D:4)
  Duvessa (D:4)
  3 water moccasins
  An orc warrior (D:7)
  An ogre (D:5)
  2 centaurs
  2 lemures (D:4)
  Blork the orc (D:6)
  A scorpion (D:5)
  A gnoll sergeant (D:6)
  3 wights (D:7)
  Dowan (D:4)
  2 killer bees (D:6)
  2 howler monkeys (D:5)
  A bombardier beetle (D:6)
  3 hounds
  An orc priest (D:7)
  3 sleepcaps
  Jessica (D:3)
  5 iguanas
  Natasha (D:4)
  An orc wizard (D:6)
  5 gnolls
  5 adders
  A shadow imp (D:6)
  4 dart slugs
  2 ribbon worms
  21 orcs
  7 ball pythons
  5 bats
  6 endoplasms
  4 goblins
  6 hobgoblins
  3 quokkas
  A frilled lizard (D:1)
  7 kobolds
  4 rats
125 creatures vanquished.

Vanquished Creatures (collateral kills)
  A wight (D:7)
  A killer bee (D:6)
  An orc wizard (D:7)
  2 gnolls
  An adder (D:2)
  A dart slug (D:2)
  An orc (D:6)
  2 rats
10 creatures vanquished.

Vanquished Creatures (others)
  A human (D:5)
  A killer bee zombie (D:6)
  A hound zombie (D:5)
  6 orc zombies (D:7)
9 creatures vanquished.

Grand Total: 144 creatures vanquished

Notes
Turn   | Place    | Note
-------+----------+-------------------------------------------
     0 | D:1      | Gabide the Demigod Necromancer began the quest for the Orb.
     0 | D:1      | Reached XP level 1. HP: 14/14 MP: 5/5
   488 | D:1      | Reached XP level 2. HP: 20/20 MP: 4/7
  1023 | D:2      | Reached XP level 3. HP: 27/27 MP: 6/9
  1071 | D:2      | Reached skill level 4 in Necromancy
  1602 | D:3      | Reached skill level 1 in Fighting
  1609 | D:3      | Reached XP level 4. HP: 17/35 MP: 4/10
  1709 | D:3      | Learned a level 3 spell: Vampiric Draining
  1905 | D:3      | Noticed Grinder
  1919 | D:3      | Killed Grinder
  1920 | D:3      | Reached XP level 5. HP: 35/41 MP: 9/12
  1933 | D:3      | Reached XP level 6. HP: 45/48 MP: 8/14
  2216 | D:3      | Noticed Jessica
  2218 | D:3      | Killed Jessica
  2250 | D:3      | Got Jessica's Vademecum on Anathema
  2532 | D:4      | Reached skill level 5 in Necromancy
  2882 | D:4      | Noticed Pikel
  3064 | D:4      | Noticed Duvessa
  3071 | D:4      | Killed Duvessa
  3071 | D:4      | Noticed Dowan
  3128 | D:4      | Killed Dowan
  3129 | D:4      | Reached skill level 1 in Short Blades
  3129 | D:4      | Reached XP level 7. HP: 41/56 MP: 1/16
  3198 | D:4      | Killed Pikel
  3199 | D:4      | Reached skill level 6 in Necromancy
  3459 | D:4      | Noticed Natasha
  3462 | D:4      | Killed Natasha
  3547 | D:4      | Noticed Edmund
  3554 | D:4      | Killed Edmund
  3555 | D:4      | Reached XP level 8. HP: 58/63 MP: 5/18
  3753 | D:4      | Learned a level 4 spell: Animate Dead
  3764 | D:5      | Entered Level 5 of the Dungeon
  3765 | D:5      | Found a staircase to the Ecumenical Temple.
  3862 | D:5      | Found Oraaxzam's Weapon Emporium.
  3866 | D:5      | Reached skill level 5 in Spellcasting
  4755 | D:5      | Noticed a +0 hand axe
  4755 | D:5      | Noticed a +0 dagger
  5200 | D:5      | Reached skill level 7 in Necromancy
  5229 | D:5      | Killed an unseen horror
  5428 | Temple   | Entered the Ecumenical Temple
  5471 | D:6      | Noticed Blork the orc
  5480 | D:6      | Killed Blork the orc
  5701 | D:6      | Reached skill level 8 in Necromancy
  5772 | D:6      | Noticed Jeremiah
  5781 | D:6      | Reached XP level 9. HP: 57/69 MP: 0/21
  5800 | D:6      | Killed Jeremiah
  5801 | D:6      | Reached skill level 9 in Necromancy
  6999 | D:7      | HP: 3/70 [wight/+3 scimitar (15)]
  6999 | D:7      | Slain by a wight

Illustrated notes

Levels and vault maps discovered:
D:1:      scummos_arrival_forest, layout_loops_ring, minmay_pentomino_z2
D:2:      layout_rooms
D:3:      layout_rooms, nicolae_overflow_hidden_temple, serial_curves,
          eino_curves_04, eino_curves_01, kennysheep_jessica_study, uniq_grinder
D:4:      dreamdust_elfheim, layout_basic, uniq_pikel, uniq_natasha, uniq_edmund
D:5:      layout_loops_ring, tgw_kikubaaqudgha, dancing_weapons_uskayaw,
          minmay_temple_entry_tees, serial_shops, nicolae_shop_real_fake_doors,
          kennysheep_potato
D:6:      layout_loops_cross, uniq_jeremiah, uniq_blork_the_orc
D:7:      hellmonk_ruined_rings, layout_basic, mainiacjoe_overflow_alcove_2,
          nicolae_twisty_statue_hallways
Temple:   compressed_dpeg_circular_temple

Skill      XL: |  1  2  3  4  5  6  7  8  9 |
---------------+----------------------------+-----
Spellcasting   | 2 3 4 6 |  6.4
Stealth        | 2 3 |  3.0
Dodging        | 2 3 |  3.9
Necromancy     | 4 5 6 8 9 |  9.3
Fighting       | 1 2 3 |  3.9
Short Blades   | 1 2 3 |  3.8

Action                     |  1- 3 |  4- 6 |  7- 9 || total
---------------------------+-------+-------+-------++-------
  Melee: Dagger            |     2 |     3 |       ||     5
         Short sword       |       |    16 |    72 ||    88
   Cast: Necrotise         |    80 |    68 |     8 ||   156
         Vampiric Draining |       |    13 |    90 ||   103
         Animate Dead      |       |       |     4 ||     4
  Evoke: Wand              |       |       |     5 ||     5
    Use: Scroll            |     5 |     2 |     7 ||    14
         Potion            |     1 |       |     1 ||     2
 Armour: Robe              |    11 |    23 |   107 ||   141
  Dodge: Dodged            |    11 |    18 |    87 ||   116
  Block: Other             |       |       |    28 ||    28
         Reflection        |       |       |     1 ||     1
